| TOP OF THE 1ST |
|
University of Southern California Trojans batting - Pitching for University of Alabama Crimson Tide : RHP Chad Wickel
|
|
Pitching: RHP Chad Wickel
|
|
|
Batting: LHB Alonzo Catalan
|
0-0: Swinging Strike 0-1: Ground out U3 (Groundball, 23, EV 88.8 MPH)
|
|
Batting: RHB Liangde Zhou
|
0-0: Foul Ball, location: 2F 0-1: Ball 1-1: Ball 2-1: Ball 3-1: Called Strike 3-2: Foul Ball, location: 2F 3-2: Foul Ball, location: 2F 3-2: Foul Ball, location: 2F 3-2: Strikes out swinging
|
|
Batting: RHB Rick Acevedo
|
0-0: Foul Ball, location: 2F 0-1: Foul Ball, location: 2F 0-2: Strikes out swinging
|
| Top of the 1st over - 0 runs, 0 hits, 0 errors, 0 left on base; University of Southern California 0 - University of Alabama 0 |
| BOTTOM OF THE 1ST |
|
University of Alabama Crimson Tide batting - Pitching for University of Southern California Trojans : LHP Cole Corkum
|
|
Pitching: LHP Cole Corkum
|
|
|
Batting: LHB Danny Schultz
|
0-0: Ball 1-0: Foul Ball, location: 2F 1-1: Ground out 4-3 (Groundball, 4, EV 90.0 MPH)
|
|
Batting: RHB B.J. Clark
|
0-0: Ground out 6-3 (Groundball, 6, EV 105.6 MPH)
|
|
Batting: RHB Matt Williams
|
0-0: Ball 1-0: Called Strike 1-1: Swinging Strike 1-2: Ball 2-2: Ball 3-2: Strikes out swinging
|
| Bottom of the 1st over - 0 runs, 0 hits, 0 errors, 0 left on base; University of Southern California 0 - University of Alabama 0 |
| TOP OF THE 2ND |
|
University of Southern California Trojans batting - Pitching for University of Alabama Crimson Tide : RHP Chad Wickel
|
|
Batting: LHB John Rumbolt
|
0-0: Foul Ball, location: 2F 0-1: Called Strike 0-2: Foul Ball, location: 2F 0-2: Fly out, F9 (Flyball, 9S, EV 85.0 MPH)
|
|
Batting: RHB Jeremy McAbee
|
0-0: Ground out 5-3 (Groundball, 56, EV 105.6 MPH)
|
|
Batting: LHB Eli Evenson
|
0-0: SINGLE (Groundball, 34D, EV 99.4 MPH)
|
|
Batting: RHB Chris Thomas
|
0-0: Called Strike 0-1: Fly out, F7 (Flyball, 7, EV 88.8 MPH)
|
| Top of the 2nd over - 0 runs, 1 hit, 0 errors, 1 left on base; University of Southern California 0 - University of Alabama 0 |
| BOTTOM OF THE 2ND |
|
University of Alabama Crimson Tide batting - Pitching for University of Southern California Trojans : LHP Cole Corkum
|
|
Batting: RHB Justin Gray
|
0-0: Fly out, F8 (Line Drive, 8LM, EV 97.5 MPH)
|
|
Batting: RHB Hughie Withers
|
0-0: Ball 1-0: Called Strike 1-1: Fly out, F9 (Line Drive, 9S, EV 86.9 MPH)
|
|
Batting: LHB Brian Van
|
0-0: Swinging Strike 0-1: Ball 1-1: Ground out 4-3 (Groundball, 4, EV 85.0 MPH)
|
| Bottom of the 2nd over - 0 runs, 0 hits, 0 errors, 0 left on base; University of Southern California 0 - University of Alabama 0 |
| TOP OF THE 3RD |
|
University of Southern California Trojans batting - Pitching for University of Alabama Crimson Tide : RHP Chad Wickel
|
|
Batting: RHB Jochen Schanz
|
0-0: Ball 1-0: Ball 2-0: Called Strike 2-1: Ball 3-1: Base on Balls
|
|
Batting: SHB Noah Kelly
|
0-0: Ball Jochen Schanz is caught stealing 2nd base 2-6 1-0: Foul Ball, location: 2F 1-1: Foul Ball, location: 2F 1-2: Ball 2-2: Ball 3-2: Fly out, F8 (Flyball, 8LS, EV 90.0 MPH)
|
|
Batting: LHB Alonzo Catalan
|
0-0: Ball 1-0: Foul Ball, location: 2F 1-1: Ball 2-1: Ball 3-1: Foul Ball, location: 2F 3-2: DOUBLE (Flyball, 8RD, EV 103.8 MPH)
|
|
Batting: RHB Liangde Zhou
|
0-0: Ball 1-0: Ball 2-0: Ball 3-0: Base on Balls
|
|
Batting: RHB Rick Acevedo
|
0-0: Called Strike 0-1: Swinging Strike 0-2: Fly out, F8 (Flyball, 8RD, EV 90.0 MPH)
|
| Top of the 3rd over - 0 runs, 1 hit, 0 errors, 2 left on base; University of Southern California 0 - University of Alabama 0 |
| BOTTOM OF THE 3RD |
|
University of Alabama Crimson Tide batting - Pitching for University of Southern California Trojans : LHP Cole Corkum
|
|
Batting: RHB David Sanchez
|
0-0: Foul Ball, location: 2F 0-1: Called Strike 0-2: Foul Ball, location: 2F 0-2: Foul Ball, location: 2F 0-2: Ball 1-2: Strikes out looking
|
|
Batting: LHB Platon Protopsaltis
|
0-0: Foul Ball, location: 2F 0-1: Ball 1-1: Ball 2-1: Ball 3-1: Called Strike 3-2: Foul Ball, location: 2F 3-2: Ground out U3 (Groundball, 3, EV 93.1 MPH)
|
|
Batting: RHB Matt Aponte
|
0-0: Ball 1-0: Swinging Strike 1-1: Called Strike 1-2: Ball 2-2: Fly out, F9 (Flyball, 9S, EV 77.5 MPH)
|
| Bottom of the 3rd over - 0 runs, 0 hits, 0 errors, 0 left on base; University of Southern California 0 - University of Alabama 0 |
| TOP OF THE 4TH |
|
University of Southern California Trojans batting - Pitching for University of Alabama Crimson Tide : RHP Chad Wickel
|
|
Batting: LHB John Rumbolt
|
0-0: Called Strike 0-1: Swinging Strike 0-2: Foul Ball, location: 2F 0-2: Fly out, F9 (Line Drive, 89M, EV 93.8 MPH)
|
|
Batting: RHB Jeremy McAbee
|
0-0: Ball 1-0: Ball 2-0: Called Strike 2-1: Called Strike 2-2: Ground out 5-3 (Groundball, 56S, EV 71.2 MPH)
|
|
Batting: LHB Eli Evenson
|
0-0: Fly out, F8 (Flyball, 8RS, EV 80.0 MPH)
|
| Top of the 4th over - 0 runs, 0 hits, 0 errors, 0 left on base; University of Southern California 0 - University of Alabama 0 |
| BOTTOM OF THE 4TH |
|
University of Alabama Crimson Tide batting - Pitching for University of Southern California Trojans : LHP Cole Corkum
|
|
Batting: LHB Danny Schultz
|
0-0: Ball 1-0: Called Strike 1-1: Foul Ball, location: 2F 1-2: Fly out, F8 (Line Drive, 8RM, EV 90.6 MPH)
|
|
Batting: RHB B.J. Clark
|
0-0: Ball 1-0: Foul Ball, location: 2F 1-1: Ball 2-1: Ball 3-1: Called Strike 3-2: Strikes out swinging
|
|
Batting: RHB Matt Williams
|
0-0: Called Strike 0-1: Ball 1-1: Called Strike 1-2: Foul Ball, location: 2F 1-2: Ball 2-2: Strikes out looking
|
| Bottom of the 4th over - 0 runs, 0 hits, 0 errors, 0 left on base; University of Southern California 0 - University of Alabama 0 |
| TOP OF THE 5TH |
|
University of Southern California Trojans batting - Pitching for University of Alabama Crimson Tide : RHP Chad Wickel
|
|
Batting: RHB Chris Thomas
|
0-0: Fly out, F8 (Line Drive, 8RM, EV 95.6 MPH)
|
|
Batting: RHB Jochen Schanz
|
0-0: Ball 1-0: Ball 2-0: Foul Ball, location: 2F 2-1: Foul Ball, location: 2F 2-2: Strikes out swinging
|
|
Batting: SHB Noah Kelly
|
0-0: Ball 1-0: Called Strike 1-1: Swinging Strike 1-2: Ground out U3 (Groundball, 3, EV 85.0 MPH)
|
| Top of the 5th over - 0 runs, 0 hits, 0 errors, 0 left on base; University of Southern California 0 - University of Alabama 0 |
| BOTTOM OF THE 5TH |
|
University of Alabama Crimson Tide batting - Pitching for University of Southern California Trojans : LHP Cole Corkum
|
|
Now at 1B: Santiago Romero
|
|
|
Now in CF: Liangde Zhou
|
|
|
Now in RF: Justin Veirs
|
|
|
Batting: RHB Justin Gray
|
0-0: Ball 1-0: Ball 2-0: Ball 3-0: Base on Balls
|
|
Batting: RHB Hughie Withers
|
0-0: Called Strike 0-1: Foul Ball, location: 2F 0-2: Strikes out looking
|
|
Batting: LHB Brian Van
|
0-0: DOUBLE (Line Drive, 78M, EV 95.0 MPH) Justin Gray to third
|
|
Batting: RHB David Sanchez
|
0-0: Foul Ball, location: 2F 0-1: Swinging Strike 0-2: Strikes out looking
|
|
Batting: LHB Platon Protopsaltis
|
0-0: Called Strike 0-1: Foul Ball, location: 2F 0-2: Foul Ball, location: 2F 0-2: Strikes out swinging
|
| Bottom of the 5th over - 0 runs, 1 hit, 0 errors, 2 left on base; University of Southern California 0 - University of Alabama 0 |
| TOP OF THE 6TH |
|
University of Southern California Trojans batting - Pitching for University of Alabama Crimson Tide : RHP Chad Wickel
|
|
Pitching: RHP Victor Carillo
|
|
|
Now at 2B: Jong-your Lee
|
|
|
Now in CF: Joe Blackwood
|
|
|
Now in RF: Robby Ramires
|
|
|
Batting: LHB Justin Veirs
|
0-0: Ball 1-0: Ball 2-0: Called Strike 2-1: Swinging Strike 2-2: Ball 3-2: Foul Ball, location: 2F 3-2: Foul Ball, location: 2F 3-2: Foul Ball, location: 2F 3-2: Foul Ball, location: 2F 3-2: Foul Ball, location: 2F 3-2: Base on Balls
|
|
Pinch Hitting: LHB Brad Betterton
|
0-0: Ball 1-0: Swinging Strike 1-1: Ball 2-1: Swinging Strike 2-2: Strikes out looking
|
|
Pinch Hitting: SHB Jason Keys
|
0-0: Foul Ball, location: 2F 0-1: Hit by Pitch Justin Veirs to second
|
|
Batting: RHB Santiago Romero
|
0-0: Ball 1-0: Fielders Choice at 2nd, 6-4 (Groundball, 6MD, EV 106.9 MPH) Justin Veirs to third
|
|
Batting: RHB Jeremy McAbee
|
0-0: Called Strike 0-1: Ball 1-1: Ball 2-1: Ground out U3 (Groundball, 3S, EV 88.8 MPH)
|
| Top of the 6th over - 0 runs, 0 hits, 0 errors, 2 left on base; University of Southern California 0 - University of Alabama 0 |
| BOTTOM OF THE 6TH |
|
University of Alabama Crimson Tide batting - Pitching for University of Southern California Trojans : LHP Cole Corkum
|
|
Pitching: RHP Kyle Barraza
|
|
|
Now at C: Dam Giap
|
|
|
Now at 2B: Kasey Kasarda
|
|
|
Now at 3B: Tri Kartini
|
|
|
Now in LF: Mhelter Daulong
|
|
|
Now in CF: George Hillock
|
|
|
Pinch Hitting: LHB Matt Barkley
|
0-0: Called Strike 0-1: Foul Ball, location: 2F 0-2: Ball 1-2: Ground out 5-3 (Groundball, 5, EV 85.0 MPH)
|
|
Batting: LHB Robby Ramires
|
0-0: Ball 1-0: Called Strike 1-1: Ball 2-1: Foul Ball, location: 2F 2-2: Fly out, F2 (Popup, 25F, EV 83.8 MPH)
|
|
Batting: LHB Joe Blackwood
|
0-0: Ball 1-0: Bunt missed! 1-1: Ball 2-1: SINGLE (Groundball, 6D, EV 100.0 MPH)
|
|
Pinch Hitting: RHB Danny Rosario
|
0-0: Ball Joe Blackwood steals 2nd base 1-0: Ball 2-0: Ball 3-0: Base on Balls
|
|
Batting: RHB Juan Araiza
|
0-0: Foul Ball, location: 2F 0-1: Foul Ball, location: 2F 0-2: Strikes out swinging
|
| Bottom of the 6th over - 0 runs, 1 hit, 0 errors, 2 left on base; University of Southern California 0 - University of Alabama 0 |
| TOP OF THE 7TH |
|
University of Southern California Trojans batting - Pitching for University of Alabama Crimson Tide : RHP Victor Carillo
|
|
Pitching: RHP Cameron Dickens
|
|
|
Now at C: Larry Brown
|
|
|
Now at 1B: Onorato Zacagnini
|
|
|
Now at 3B: Mike Bidwell
|
|
|
Batting: RHB John Sandberg
|
0-0: Ball 1-0: Foul Ball, location: 2F 1-1: Fly out, F7 (Flyball, 78M, EV 96.9 MPH)
|
|
Batting: SHB Mhelter Daulong
|
0-0: Called Strike 0-1: Foul Ball, location: 2F 0-2: Ball 1-2: Ball 2-2: Ball 3-2: Strikes out swinging
|
|
Batting: SHB George Hillock
|
0-0: Foul Ball, location: 2F 0-1: Called Strike 0-2: Ball 1-2: Ball 2-2: Strikes out swinging
|
| Top of the 7th over - 0 runs, 0 hits, 0 errors, 0 left on base; University of Southern California 0 - University of Alabama 0 |
| BOTTOM OF THE 7TH |
|
University of Alabama Crimson Tide batting - Pitching for University of Southern California Trojans : RHP Kyle Barraza
|
|
Pitching: RHP Lorenzo Garcia
|
|
|
Batting: RHB Jong-your Lee
|
0-0: Foul Ball, location: 2F 0-1: Foul Ball, location: 2F 0-2: Strikes out swinging
|
|
Pinch Hitting: LHB Yu-shu Ni
|
0-0: Ball 1-0: Foul Ball, location: 2F 1-1: Swinging Strike 1-2: Strikes out swinging
|
|
Batting: RHB Onorato Zacagnini
|
0-0: Foul Ball, location: 2F 0-1: Fly out, F6 (Popup, 6D, EV 73.1 MPH)
|
| Bottom of the 7th over - 0 runs, 0 hits, 0 errors, 0 left on base; University of Southern California 0 - University of Alabama 0 |
| TOP OF THE 8TH |
|
University of Southern California Trojans batting - Pitching for University of Alabama Crimson Tide : RHP Cameron Dickens
|
|
Pitching: RHP Alejandro Gomez
|
|
|
Now in LF: Al Lara
|
|
|
Pinch Hitting: RHB Dennis Tempel
|
0-0: Ball 1-0: Called Strike 1-1: Called Strike 1-2: Foul Ball, location: 2F 1-2: Ground out 4-3 (Groundball, 4, EV 96.2 MPH)
|
|
Batting: LHB Justin Veirs
|
0-0: Foul Ball, location: 2F 0-1: Called Strike 0-2: Fly out, F9 (Flyball, 89S, EV 79.4 MPH)
|
|
Batting: RHB Kasey Kasarda
|
0-0: Reached on error, E5 (Groundball, 56, EV 82.5 MPH)
|
|
Pinch Hitting: LHB Roger Kean
|
0-0: Foul Ball, location: 2F 0-1: Ball 1-1: Ball 2-1: Called Strike 2-2: Foul Ball, location: 2F 2-2: Strikes out swinging
|
| Top of the 8th over - 0 runs, 0 hits, 1 error, 1 left on base; University of Southern California 0 - University of Alabama 0 |
| BOTTOM OF THE 8TH |
|
University of Alabama Crimson Tide batting - Pitching for University of Southern California Trojans : RHP Lorenzo Garcia
|
|
Pitching: LHP Bimo Kartini
|
|
|
Now at C: Bobby Basoco
|
|
|
Now at 3B: Edwin Figueroa
|
|
|
Pinch Hitting: RHB Rodrik Gardner
|
0-0: Foul Ball, location: 2F 0-1: Foul Ball, location: 2F 0-2: Foul Ball, location: 2F 0-2: Foul Ball, location: 2F 0-2: Foul Ball, location: 2F 0-2: Ball 1-2: Strikes out swinging
|
|
Batting: SHB Mike Bidwell
|
0-0: Called Strike 0-1: Ball 1-1: Ball 2-1: Ball 3-1: Called Strike 3-2: Base on Balls
|
|
Batting: LHB Robby Ramires
|
0-0: Ball 1-0: Ball 2-0: Ball 3-0: Base on Balls Mike Bidwell to second
|
|
Pinch Hitting: RHB Fernando Reyes
|
0-0: Ball 1-0: TRIPLE (Flyball, 89XD, EV 98.8 MPH) Mike Bidwell scores Robby Ramires scores
|
|
Batting: RHB Larry Brown
|
0-0: Swinging Strike 0-1: Foul Ball, location: 2F 0-2: Foul Ball, location: 2F 0-2: Strikes out looking
|
|
Batting: RHB Juan Araiza
|
0-0: Ball 1-0: Ball 2-0: Ball 3-0: Base on Balls
|
|
Batting: RHB Jong-your Lee
|
0-0: Called Strike 0-1: Called Strike 0-2: Foul Ball, location: 2F 0-2: Ball 1-2: Fly out, F9 (Flyball, 89S, EV 86.9 MPH)
|
| Bottom of the 8th over - 2 runs, 1 hit, 0 errors, 2 left on base; University of Southern California 0 - University of Alabama 2 |
| TOP OF THE 9TH |
|
University of Southern California Trojans batting - Pitching for University of Alabama Crimson Tide : RHP Alejandro Gomez
|
|
Pitching: LHP Mario Long
|
|
|
Now at 2B: Rodrik Gardner
|
|
|
Now at SS: Jong-your Lee
|
|
|
Now in CF: John Hicken
|
|
|
Pinch Hitting: RHB Jim Baltazar
|
0-0: Ball 1-0: Ball 2-0: Foul Ball, location: 2F 2-1: Ground out 1-3 (Groundball, P, EV 74.4 MPH)
|
|
Batting: RHB Jeremy McAbee
|
0-0: Ball 1-0: Swinging Strike 1-1: Fly out, F8 (Flyball, 89M, EV 91.2 MPH)
|
|
Batting: RHB John Sandberg
|
0-0: Fly out, F7 (Line Drive, 7LS, EV 96.2 MPH)
|
| Top of the 9th over - 0 runs, 0 hits, 0 errors, 0 left on base; University of Southern California 0 - University of Alabama 2 |
|